 Seeded DCSS version 0.27.1-2-g3b301248ec (webtiles) character file.

Game seed: 9082526011783726659 (custom seed)

14 babuloseo the Slasher (level 2, 22/22 HPs)
             Began as a Human Gladiator on Sept 26, 2021.
             Was a Follower of Zin.
             Quit the game on level 1 of the Dungeon.
             The game lasted 00:00:56 (805 turns).

babuloseo the Slasher (Human Gladiator)              Turns: 805, Time: 00:00:56

Health: 22/22      AC:  4    Str: 14    XL:     2   Next: 55%
Magic:  2/2        EV: 12    Int:  8    God:    Zin [*.....]
Gold:   26         SH:  0    Dex: 14    Spells: 1/1 levels left

rFire    . . .     SeeInvis .   a - +0 long sword
rCold    . . .     Faith    .   (no shield)
rNeg     . . .     Spirit   .   b - +0 leather armour
rPois    .         Reflect  .   c - +0 helmet
rElec    .         Harm     .   (no cloak)
rCorr    .         Rampage  .   (no gloves)
Will     .....                  (no boots)
Stlth    +.........             (no amulet)
HPRegen  0.07/turn              (no ring)
MPRegen  0.08/turn              (no ring)

@: no status effects
A: no striking features
a: Renounce Religion, Recite, Donate Gold


You were on level 1 of the Dungeon.
You worshipped Zin.
Zin was aware of your devotion.
You visited 1 branch of the dungeon, and saw 1 of its levels.

You collected 28 gold pieces.
You donated 2 gold pieces to Zin.

Inventory:

Hand Weapons
 a - a +0 long sword (weapon)
Missiles
 d - 3 throwing nets (quivered)
Armour
 b - a +0 leather armour (worn)
 c - a +0 helmet (worn)
Scrolls
 e - a scroll of immolation {unknown}
 g - a scroll of teleportation {unknown}
 h - a scroll of identify {unknown}
 i - a scroll of enchant armour {unknown}
Potions
 f - a potion of invisibility {unknown}


   Skills:
 + Level 2.1 Fighting
 + Level 3.3 Long Blades
 + Level 2.0 Throwing
 + Level 3.2 Dodging


You had one spell level left.
You didn't know any spells.
Your spell library contained the following spells:

 Spells                   Type           Power      Damage    Failure   Level
 Frozen Ramparts          Ice            0%         1d2       86%         3
 Cause Fear               Hex            0%         N/A       99%         4
 Ice Form                 Ice/Tmut       0%         N/A       99%         4
 Summon Ice Beast         Ice/Summ       0%         N/A       99%         4
 Dragon Form              Tmut           0%         N/A       100%        7
 Dragon's Call            Summ           0%         N/A       100%        9


Dungeon Overview and Level Annotations

Branches:
Dungeon (1/15)

Altars:
Zin


Message History

You hit the ball python.
The ball python is severely wounded.
The ball python barely misses you.
You riposte.
You hit the ball python.
You kill the ball python!
There is an open door, spattered with blood here.
Found a dagger.
You pick up a book of the Dragon and begin reading...
You add the spells Cause Fear, Dragon Form and Dragon's Call to your library.
You pick up a book of Rime and begin reading...
You add the spells Frozen Ramparts, Ice Form and Summon Ice Beast to your library.
Okay, then.
Key pressed, stopping explore.
You are too injured to fight recklessly!
You are too injured to fight recklessly!
Key pressed, stopping explore.
Key pressed, stopping explore.
You are too injured to fight recklessly!
You open the door.
There is an open door here.
You open the door. You open the large door.
Found a giant spiked club.
Unknown command.
No target in view!
Found 11 gold pieces.
There is a large open door here.
No target in view!
Found a scroll labelled QOPPADGH DENE.
No target in view!
Found 3 arrows.
No target in view!
You pay a tithe of 1 gold.
You now have 26 gold pieces (gained 10).
i - a scroll labelled QOPPADGH DENE No target in view!
There is a large open door here.
There is a large open door here.
You see here a +0 giant spiked club.
You see here a +0 giant spiked club.
Are you sure you want to abandon this character and quit the game? (Confirm with "yes".)

#.........#
#.........#
#.........#####
#######'#.....#
###'#####.# ## #....#
#.# #. #....# #.###
#. #....####...# #.
#..@.+..'...#####.#.
#....####.......#.#.
#########'####....#.
#..........# #....#.
#..........# #....#.
#..........# #....#.
#.........รท###....#.
#..........'......##
#..........##.....#.


There were no monsters in sight!

Vanquished Creatures
  A ball python (D:1)
  3 endoplasms (D:1)
  A goblin (D:1)
  A hobgoblin (D:1)
  2 jackals (D:1)
  A kobold (D:1)
  A quokka (D:1)
10 creatures vanquished.

Vanquished Creatures (others)
  A fungus (D:1)
  2 plants (D:1)
3 creatures vanquished.

Grand Total: 13 creatures vanquished

Notes
Turn   | Place    | Note
-------+----------+-------------------------------------------
     0 | D:1      | babuloseo the Human Gladiator began the quest for the Orb.
     0 | D:1      | Reached XP level 1. HP: 16/16 MP: 1/1
   356 | D:1      | Found a faded altar of an unknown god.
   361 | D:1      | Became a worshipper of Zin the Law-Giver
   361 | D:1      | Reached * piety under Zin
   364 | D:1      | Reached XP level 2. HP: 19/22 MP: 2/2
   805 | D:1      | Quit the game

Illustrated notes

Levels and vault maps discovered:
D:1:      amcnicky_arrival_flooded_fountain, layout_basic,
          shapermc_ecumenical_altar_mp_ritualfount

Action                   || total
-------------------------++-------
Melee: Long sword        ||    36
Armor: Leather armour    ||    14
Dodge: Dodged            ||    45
       Rpst.: Long sword ||     8
